Croesus, chaotic female elven Ranger -------- ------ |<|>...---....| |^|-.......`@.| |^||.```|..`f.| |^||....|...`.| |^|------.----| |.| |....(.| |.------......| |.............| |..-----......| ---- -------- Croesus the Trailblazer Experience level: 6 Strength: 17 Dexterity: 13 Constitution: 14 Intelligence: 13 Wisdom: 13 Charisma: 7 Health: 0(35) Energy: 45(45) Def: 14 Gold: 0 Moves: 5579 Dungeon seed: UdJhQ9EKtrcXP4W8 Game ID: Croesus_1563371086 Your Inventory: Weapons c - 56 uncursed +2 elven arrows d - an uncursed +1 elven dagger (alternate weapon; not wielded) e - an uncursed +1 elven bow (weapon in hand) f - an uncursed +0 silver saber v - 95 uncursed +0 darts z - an uncursed +0 dagger C - 16 blessed +2 darts D - a cursed -1 orcish dagger G - an uncursed +0 elven arrow (in quiver) Armor b - a blessed +2 elven cloak (being worn) j - an uncursed +0 plate mail (being worn) B - an uncursed rusty +0 pair of iron shoes (being worn) N - a blessed +1 orcish helm (being worn) S - an uncursed +0 pair of leather gloves (being worn) Comestibles o - 2 uncursed bananas p - an uncursed apple x - 5 uncursed lembas wafers H - an uncursed food ration T - 2 uncursed female lizard corpses Rings a - an uncursed ring of levitation h - an uncursed ring of sustain ability m - an uncursed ring of shock immunity Q - a blessed +4 ring of carrying (on left hand) Wands l - an uncursed wand of summoning (0:6) s - an uncursed wand of digging (0:5) J - an uncursed wand of cancellation (0:6) Tools w - an uncursed tin whistle P - an uncursed mirror Gems n - 2 uncursed worthless pieces of blue glass q - an uncursed sapphire r - an uncursed worthless piece of black glass Spells and supernatural/magical abilities: Name Level Category Cost Memory a - force bolt 1 attack 1000pw 95% S - stone to flesh 3 healing 3000pw 95% W - pray for help -- divine ? -- Your skills at the end: Fighting Skills wands [Basic] Weapon Skills dagger [Basic] bow [Skilled] Spellcasting Skills Final Attributes: You were piously aligned. You were immune to sleep. You saw invisible. You were telepathic. You had automatic searching. You had infravision. You were stealthy. You were lucky. You last prayed 593 turns ago. Mars was noncommittal. You are dead. Vanquished creatures: a giant beetle a quivering blob a spotted jelly 18 leprechauns 2 brown puddings a yeti a gold golem 2 lizards 3 dingos a jaguar a snake an imp a wood nymph a mountain nymph an orc shaman a rock piercer 2 ponies a fog cloud a gnomish wizard a kobold mummy a gray ooze an elf zombie a straw golem 5 floating eyes a kitten a dwarf a rabid rat a wererat 3 iguanas 2 killer bees a coyote a hobbit a large kobold 2 hobgoblins 3 giant rats a brown mold 2 yellow molds a green mold 3 geckos 6 jackals a fox 2 kobolds 3 goblins 3 sewer rats 5 grid bugs a bat 5 lichens 2 kobold zombies 10 newts 112 creatures vanquished. Voluntary challenges: You used a wielded weapon 48 times, starting on turn 50. You read items or engraved 8 times, starting on turn 2549. You never genocided any monsters. You never polymorphed an object. You never changed form. You used no wishes. You never split a pudding. You wrote Elbereth's name 1 time, starting on turn 4099. You never violated your personal moral code. Dungeon overview: The Dungeons of Doom: levels 1 to 10 Level 1 a fountain a long staircase Level 2 a general store, a fountain Level 3 Level 4 an altar to Mercury, some fountains, a sink a long staircase Level 5 a sink, a vault Level 6 some fountains Level 7 Level 8 a vault Level 9 many fountains Level 10 stairs to Sokoban Sokoban: Level 9 <- You were here Unsolved stairs to The Dungeons of Doom History has recorded: On T:1 you entered the Dungeons of Doom to retrieve the Amulet of Yendor! On T:385 you reached level 2 of The Dungeons of Doom. On T:851 you reached level 3 of The Dungeons of Doom. On T:959 you advanced to experience level 2. On T:1244 you reached level 4 of The Dungeons of Doom. On T:1351 you reached level 5 of The Dungeons of Doom. On T:2085 you advanced to experience level 3. On T:2739 you reached level 6 of The Dungeons of Doom. On T:3040 you advanced to experience level 4. On T:3173 you reached level 7 of The Dungeons of Doom. On T:3984 you reached level 8 of The Dungeons of Doom. On T:4044 you reached level 9 of The Dungeons of Doom. On T:4132 you advanced to experience level 5. On T:4857 you advanced to experience level 6. On T:5256 you reached level 10 of The Dungeons of Doom. On T:5267 you reached level 4 of Sokoban. Score breakdown: Gold: 0 ( 0 points) Experience: 6 levels (12456 points) Exploration: 10 levels ( 20.41%) (12990 points) Discoveries: 29 items ( 9.83%) ( 9406 points) Valuables value: (no points given unless you survive) Artifact value: 0 ( 0 points) Variety of kills: 49 monsters ( 12.89%) (10772 points) Turncount: 5579 turns (-1516 points) Survival: died (score multiplied by 80%) Total score: 35286 Latest messages: This male goblin corpse tastes terrible! You finish eating the male goblin corpse. [10 turns] With great effort you move the boulder. The lynx hits! The lynx misses. The lynx bites! The arrow hits the lynx! The lynx hits! (2x) The lynx bites! The arrow hits the lynx. The lynx hits! The lynx misses. (2x) The lynx hits! (2x) The lynx bites! You fill your quiver: G - 3 uncursed +0 elven arrows (in quiver). You shoot 2 elven arrows. The 1st elven arrow hits the lynx! The 2nd elven arrow hits the lynx! The lynx hits! (2x) The lynx bites! You die... Final status: Goodbye Croesus the Ranger, killed by a lynx... You died in Sokoban on dungeon level 9 with 35286 points, and 0 pieces of gold, after 5579 moves. You were level 6 with a maximum of 35 hit points when you died.